 Dungeon Crawl Stone Soup version 0.26.1-2-gb8aa6d0cf2 (webtiles) character file.

Game seed: 16047071685138279743

493 Gadfly the Cudgeller (level 6, -12/61 HPs)
             Began as a Troll Berserker on Mar 2, 2021.
             Was a Priest of Trog.
             Killed from afar by Ijyb (25 damage)
             ... with a bolt of acid
             ... on level 3 of the Dungeon.
             The game lasted 00:05:05 (2987 turns).

Gadfly the Cudgeller (Troll Berserker)              Turns: 2987, Time: 00:05:06

Health: -12/61     AC:  3    Str: 27    XL:     6   Next: 92%
Magic:  5/5        EV: 10    Int:  3    God:    Trog [***...]
Gold:   164        SH:  0    Dex: 10    Spells: 5/5 levels left

rFire    . . .     SeeInvis .   b - +2 hand axe (elec)
rCold    . . .     Faith    .   (no shield)
rNeg     . . .     Spirit   .   i - +0 animal skin
rPois    .         Reflect  .   (helmet restricted)
rElec    .         Harm     .   m - +0 cloak {Will+}
rCorr    .         Rampage  .   (gloves unavailable)
Will     +....                  (boots unavailable)
Stlth    +.........             (no amulet)
HPRegen  0.60/turn              (no ring)
MPRegen  0.09/turn              (no ring)

@: corroded
A: large, unfitting armour, claws 3, regeneration 1, shaggy fur 1, tough skin 3
a: Renounce Religion, Berserk, Trog's Hand


You were on level 3 of the Dungeon.
You worshipped Trog.
Trog was most pleased with you.
You visited 1 branch of the dungeon, and saw 3 of its levels.

You collected 164 gold pieces.

Inventory:

Hand Weapons
 a - a +0 flail
 b - a +2 hand axe of electrocution (weapon)
 l - a +4 quarterstaff of chaos
Armour
 i - a +0 animal skin (worn)
 m - a +0 cloak of willpower (worn)
Jewellery
 k - an uncursed ring of poison resistance {unknown}
Scrolls
 g - 3 scrolls of teleportation
 j - 2 scrolls of remove curse
Potions
 c - a potion of lignification
 d - a potion of attraction
 e - a potion of haste
 f - a potion of resistance
 h - 3 potions of flight
 n - a potion of curing {unknown}
 o - a potion of might {unknown}


   Skills:
 + Level 3.4 Fighting
 + Level 3.7 Maces & Flails
 * Level 3.2 Armour
 - Level 2.4 Dodging
 * Level 2.9 Evocations


You had 5 spell levels left.
You didn't know any spells.
Your spell library was empty.

Dungeon Overview and Level Annotations

Branches:
Dungeon (3/15)

Altars:

Annotations:
D:3 Ijyb


Innate Abilities, Weirdness & Mutations

You are too large for most types of armour.
You have claws for hands.
Your natural rate of healing is unusually fast.
You are covered in fur. (AC +1)
You have extremely tough skin. (AC +3)


Message History

Found a scroll of teleportation.
You hit the rat. Lightning courses through the rat!!
You kill the rat!
Trog accepts your kill.
No target in view!
No target in view!
No target in view!
No target in view!
No target in view!
g - 3 scrolls of teleportation (gained 1) Ijyb the Twisted Goblin comes into view.
She is wielding a +0 club and carrying a wand of acid (6).
Ijyb is nearby!
Ijyb is nearby!
Ijyb zaps a wand.
The bolt of acid hits you.
You are splashed with acid!
You hit Ijyb but do no damage. Ijyb hits you with a +0 club.
You closely miss Ijyb.
Ijyb zaps a wand.
The bolt of acid hits you! The acid corrodes you!
You are splashed with acid!
* * * LOW HITPOINT WARNING * * *
Ijyb zaps a wand.
The bolt of acid hits you!!
You die...

#..#.#.####.# #.#
#..(†........ #.#
#.##.##.###.. #.#
#. #.#....... #.#
## #.#.###### #.#
#.#....... #.#
#.#....... #g#
#.........
#@################
#.................
#.################
###


You could see Ijyb.

Vanquished Creatures
  Grinder (D:3)
  An ogre (D:2)
  A water moccasin skeleton (D:3)
  Crazy Yiuf (D:2)
  5 adders (D:2)
  An ooze (D:3)
  A worm (D:2)
  A dart slug (D:2)
  3 leopard geckos
  5 orcs (D:3)
  5 giant cockroaches
  8 goblins
  10 hobgoblins
  6 jackals (D:2)
  A quokka (D:2)
  7 bats
  3 frilled lizards
  16 kobolds
  8 rats
84 creatures vanquished.

Notes
Turn   | Place    | Note
-------+----------+-------------------------------------------
     0 | D:1      | Gadfly the Troll Berserker began the quest for the Orb.
     0 | D:1      | Reached XP level 1. HP: 22/22 MP: 0/0
    95 | D:1      | Reached XP level 2. HP: 29/29 MP: 1/1
   632 | D:1      | Reached skill level 1 in Armour
   959 | D:2      | Reached skill level 1 in Evocations
   959 | D:2      | Reached XP level 3. HP: 34/36 MP: 2/2
   961 | D:2      | Reached ** piety under Trog
  1219 | D:2      | Reached XP level 4. HP: 44/44 MP: 3/3
  1222 | D:2      | Found a runed translucent door.
  1225 | D:2      | Noticed Crazy Yiuf
  1234 | D:2      | Killed Crazy Yiuf
  1529 | D:2      | Reached XP level 5. HP: 52/52 MP: 4/4
  1576 | D:2      | Noticed an ogre
  1587 | D:2      | Killed an ogre
  2104 | D:3      | Noticed Grinder
  2112 | D:3      | Killed Grinder
  2112 | D:3      | Reached *** piety under Trog
  2113 | D:3      | Reached XP level 6. HP: 54/61 MP: 5/5
  2984 | D:3      | Noticed Ijyb
  2987 | D:3      | Killed from afar by Ijyb

Illustrated notes

Levels and vault maps discovered:
D:1:      wander_arrival_desolate, layout_basic
D:2:      layout_basic, uniq_crazy_yiuf_cottage
D:3:      layout_basic, uniq_grinder, uniq_ijyb

Skill      XL: |  1  2  3  4  5 |
---------------+----------------+-----
Armour         | 1 2 3 |  3.2
Evocations     | 1 2 |  2.9
Maces & Flails | 3 |  3.7
Fighting       | 3 |  3.4
Dodging        | |  2.4

Action                   |  1- 3 |  4- 6 || total
-------------------------+-------+-------++-------
Melee: Mace              |    50 |       ||    50
       Hand axe          |    59 |   113 ||   172
  Use: Scroll            |     7 |     2 ||     9
       Potion            |     1 |     2 ||     3
 Stab: Sleeping          |       |     1 ||     1
Armor: Animal skin       |    59 |    34 ||    93
Dodge: Dodged            |    72 |    56 ||   128
